 Dungeon Crawl Stone Soup version 0.21-a0-437-ge5bf024 (webtiles) character file.

28 slep the Charmwright (level 2, -4/22 HPs)
             Began as a Demonspawn Skald on Nov 10, 2017.
             Slain by a worm (9 damage)
             ... on level 2 of the Dungeon.
             The game lasted 00:04:06 (1054 turns).

slep the Charmwright (Demonspawn Skald)             Turns: 1054, Time: 00:04:06

Health: -4/22      AC:  3    Str: 11    XL:     2   Next: 96%
Magic:  0/5        EV: 11    Int: 14    God:
Gold:   77         SH:  0    Dex: 12    Spells: 4/5 levels left

rFire    . . .     SeeInvis .   a - +0 falchion
rCold    . . .     Gourm    .   (no shield)
rNeg     . . .     Faith    .   b - +0 leather armour
rPois    .         Spirit   +   (no helmet)
rElec    .         Reflect  .   (no cloak)
rCorr    .         Harm     .   (no gloves)
MR       .....                  (no boots)
Stlth    +.........             (no amulet)
HPRegen  0.07/turn              (no ring)
MPRegen  0.09/turn              (no ring)

@: heavily drained
A: magic shield
a: no special abilities


You were on level 2 of the Dungeon.
You were hungry.

You visited 1 branch of the dungeon, and saw 2 of its levels.

You collected 77 gold pieces.

Inventory:

Hand Weapons
 a - a +0 falchion (weapon)
 h - a +2 dagger of draining
Armour
 b - a +0 leather armour (worn)
Scrolls
 g - a scroll of noise {unknown}
Potions
 e - 3 potions of curing {unknown}
Books
 c - a book of Battle

   Spells                             Type                      Level
   a - Infusion                       Charms                       1
   b - Shroud of Golubria             Charms/Translocation         2
   c - Song of Slaying                Charms                       2
   d - Spectral Weapon                Hexes/Charms                 3
   e - Regeneration                   Charms/Necromancy            3
Comestibles
 d - 2 bread rations
 f - 2 meat rations


   Skills:
 + Level 2.2(1.1) Fighting
 + Level 2.0(0.9) Long Blades
 + Level 1.1(0.0) Armour
 + Level 2.0(0.8) Dodging
 + Level 2.0(0.9) Spellcasting
 + Level 3.2(2.0) Charms


You had 4 spell levels left.
You knew the following spells:

 Your Spells              Type           Power        Failure   Level  Hunger
a - Infusion              Chrm           #...         16%         1    ##.....


Dungeon Overview and Level Annotations

Branches:
Dungeon (2/15)

Altars:


Innate Abilities, Weirdness & Mutations

When hurt, damage is shared between your health and your magic reserves.


Message History

The worm bites you but does no damage.
You hit the worm.
The worm is moderately wounded.
The worm barely misses you.
You hit the worm.
The worm is moderately wounded.
The worm bites you but does no damage.
You hit the worm but do no damage.
The worm is moderately wounded.
The worm bites you!
You hit the worm.
The worm is heavily wounded.
You hit the worm but do no damage.
The worm is heavily wounded.
The worm bites you!
* * * LOW HITPOINT WARNING * * *
You hit the worm.
The worm is heavily wounded.
The worm bites you!
You die...

########## #........#
#######.######.#
...............#
###########.#########
#......#............#
#..w@..#.##.#######.#
#..##................
#. #................
# #...#.#####......
#................
#<....####.......
#................
###....####.###'#
..... ........[


You could see a worm.

Vanquished Creatures
  2 leopard geckos (D:1)
  A ball python (D:1)
  A giant cockroach (D:1)
  2 goblins (D:1)
  2 hobgoblins (D:1)
  A quokka (D:2)
  6 bats
  3 frilled lizards
  5 kobolds
  2 rats (D:1)
25 creatures vanquished.

Notes
Turn   | Place    | Note
-------+----------+-------------------------------------------
     0 | D:1      | slep the Demonspawn Skald began the quest for the Orb.
     0 | D:1      | Reached XP level 1. HP: 16/16 MP: 3/3
    69 | D:1      | Reached skill level 3 in Charms
   167 | D:1      | Gained mutation: When hurt, damage is shared between your health and your magic reserves. [demonic ancestry]
   167 | D:1      | Reached XP level 2. HP: 13/22 MP: 5/5
   477 | D:1      | Reached skill level 1 in Armour
   773 | D:2      | HP: 1/22 [kobold/dagger of draining (3)]
  1054 | D:2      | Slain by a worm

Vault maps used:
D:1:      roderic_crossed_star, serial_glass, glass_columns_b, glass_columns_b
D:2:      first_bread

Skill      XL: |  1  2 |
---------------+-------+-----
Charms         | 3 |  3.2
Long Blades    | 2 |  2.0
Armour         | 1 |  1.1
Dodging        | 2 |  2.0
Fighting       | |  2.2
Spellcasting   | |  2.0

Action                   || total
-------------------------++-------
Melee: Falchion          ||    93
Armor: Leather armour    ||    25
Dodge: Dodged            ||    65
       Rpst.: Falchion   ||    26

Table legend:
 A = Spawn XP
 B = Non-spawn XP
 C = Spawn XP percentage of total XP
 D = Spawn monster count
 E = Non-spawn monster count
 F = Spawn count percentage of total count
 G = Total turns spent on level
                    A         B        C        D         E        F      G
               +---------+---------+-------+---------+---------+-------+---------
         Total |       0 |      40 |   0.0 |       0 |      25 |   0.0 |  1054
               +---------+---------+-------+---------+---------+-------+---------
           D:1 |       0 |      31 |   0.0 |       0 |      19 |   0.0 |   626
           D:2 |       0 |       9 |   0.0 |       0 |       6 |   0.0 |   428
               +---------+---------+-------+---------+---------+-------+---------
